TOP OF THE 1ST |
Palocabildo Tarpons batting - Pitching for Fukushima Tatsu : LHP Husain bin Ka'im
|
Pitching: LHP Husain bin Ka'im
|
|
Batting: SHB Gavrel Jafaev
|
0-0: Ball 1-0: Swinging Strike 1-1: Ball 2-1: Foul Ball, location: 9LMF 2-2: SINGLE (Line Drive, 5D, EV 98.1 MPH)
|
Batting: LHB Dhrsita Satyavolu
|
0-0: Foul Ball, location: 23FF 0-1: Called Strike 0-2: Grounds into double play, 6-4-3 (Groundball, 6S, EV 76.9 MPH)
|
Batting: RHB Patrick Strong
|
0-0: Ball 1-0: Foul Ball, location: 5SF 1-1: Ball 2-1: Ball 3-1: Base on Balls
|
Batting: LHB Guastão Ono
|
0-0: Called Strike 0-1: Ball 1-1: Reached on error, E5 (Groundball, 56, EV 100.6 MPH) Patrick Strong to second
|
Batting: LHB Gusana Vivatma
|
0-0: Ground out 4-3 (Groundball, 4S, EV 70.0 MPH)
|
Top of the 1st over - 0 runs, 1 hit, 1 error, 2 left on base; Palocabildo 0 - Fukushima 0 |
BOTTOM OF THE 1ST |
Fukushima Tatsu batting - Pitching for Palocabildo Tarpons : RHP Wattas Adedapo
|
Pitching: RHP Wattas Adedapo
|
|
Batting: RHB Mansur Hanbal
|
0-0: Ground out 6-3 (Groundball, 6, EV 80.6 MPH)
|
Batting: SHB Iokua Hagai
|
0-0: Foul Ball, location: 2F 0-1: Swinging Strike 0-2: Foul Ball, location: 2F 0-2: Ground out U3 (Groundball, 3, EV 92.5 MPH)
|
Batting: RHB Ifni Kiprotich
|
0-0: Called Strike 0-1: Called Strike 0-2: Ball 1-2: Ball 2-2: Fly out, F1 (Line Drive, P, EV 72.5 MPH)
|
Bottom of the 1st over - 0 runs, 0 hits, 0 errors, 0 left on base; Palocabildo 0 - Fukushima 0 |
TOP OF THE 2ND |
Palocabildo Tarpons batting - Pitching for Fukushima Tatsu : LHP Husain bin Ka'im
|
Batting: LHB Atmo Kartini
|
0-0: Called Strike 0-1: Foul Ball, location: 2F 0-2: Ball 1-2: SOLO HOME RUN (Flyball, 9D, EV 98.1 MPH), Distance : 359 ft
|
Batting: RHB Martin Saunders
|
0-0: Called Strike 0-1: Ball 1-1: Ball 2-1: Fly out, F9 (Flyball, 9LS, EV 79.4 MPH)
|
Batting: RHB Guo-dong Ruan
|
0-0: Ball 1-0: Foul Ball, location: 3FF 1-1: Ball 2-1: Ball 3-1: Swinging Strike 3-2: Base on Balls
|
Batting: RHB Louie Heritage
|
0-0: Ground out 5-3 (Groundball, 56S, EV 60.6 MPH) Guo-dong Ruan to second
|
Batting: SHB Gavrel Jafaev
|
0-0: Foul Ball, location: 2F 0-1: TRIPLE (Line Drive, 9LD, EV 101.9 MPH) Guo-dong Ruan scores
|
Batting: LHB Dhrsita Satyavolu
|
0-0: Called Strike 0-1: Ball 1-1: Foul Ball, location: 7LMF 1-2: Ball 2-2: Ball 3-2: Ground out 6-3 (Groundball, 6M, EV 92.5 MPH)
|
Top of the 2nd over - 2 runs, 2 hits, 0 errors, 1 left on base; Palocabildo 2 - Fukushima 0 |
BOTTOM OF THE 2ND |
Fukushima Tatsu batting - Pitching for Palocabildo Tarpons : RHP Wattas Adedapo
|
Batting: RHB Khatib Rashid
|
0-0: Called Strike 0-1: Ball 1-1: Ground out 6-3 (Groundball, 6, EV 82.5 MPH)
|
Batting: RHB Hector Lopez
|
0-0: Foul Ball, location: 25FF 0-1: Ground out 5-3 (Groundball, 56S, EV 86.3 MPH)
|
Batting: LHB Fakhiri bin Jafar
|
0-0: Called Strike 0-1: Swinging Strike 0-2: Ball 1-2: Ball 2-2: Foul Ball, location: 2F 2-2: SINGLE (Line Drive, 78S, EV 104.4 MPH)
|
Batting: RHB Misbah Khalid
|
0-0: Fly out, F4 (Popup, 34D, EV 60.6 MPH)
|
Bottom of the 2nd over - 0 runs, 1 hit, 0 errors, 1 left on base; Palocabildo 2 - Fukushima 0 |
TOP OF THE 3RD |
Palocabildo Tarpons batting - Pitching for Fukushima Tatsu : LHP Husain bin Ka'im
|
Batting: RHB Patrick Strong
|
0-0: Ground out 6-3 (Groundball, 6, EV 100.0 MPH)
|
Batting: LHB Guastão Ono
|
0-0: Called Strike 0-1: Ball 1-1: Ball 2-1: Swinging Strike 2-2: Foul Ball, location: 3F 2-2: Foul Ball, location: 9LDF 2-2: Strikes out swinging
|
Batting: LHB Gusana Vivatma
|
0-0: Ball 1-0: Swinging Strike 1-1: Ball 2-1: Swinging Strike 2-2: Strikes out looking
|
Top of the 3rd over - 0 runs, 0 hits, 0 errors, 0 left on base; Palocabildo 2 - Fukushima 0 |
BOTTOM OF THE 3RD |
Fukushima Tatsu batting - Pitching for Palocabildo Tarpons : RHP Wattas Adedapo
|
Batting: LHB Milo Cvetkovic
|
0-0: Called Strike 0-1: Swinging Strike 0-2: Strikes out swinging
|
Batting: RHB Ugdada Abdeljilil
|
0-0: Foul Ball, location: 9LMF 0-1: Foul Ball, location: 2F 0-2: Ball 1-2: Foul Ball, location: 9LMF 1-2: Reached on error, E6 (Groundball, 6, EV 105.0 MPH)
|
Batting: RHB Mansur Hanbal
|
0-0: Called Strike 0-1: Ball 1-1: Swinging Strike 1-2: Strikes out looking
|
Batting: SHB Iokua Hagai
|
0-0: Ball 1-0: Foul Ball, location: 2F 1-1: Foul Ball, location: 2F 1-2: Foul Ball, location: 2F 1-2: Ball 2-2: Fielders Choice at 2nd, 6-4 (Groundball, 6, EV 92.5 MPH)
|
Bottom of the 3rd over - 0 runs, 0 hits, 1 error, 1 left on base; Palocabildo 2 - Fukushima 0 |
TOP OF THE 4TH |
Palocabildo Tarpons batting - Pitching for Fukushima Tatsu : LHP Husain bin Ka'im
|
Batting: LHB Atmo Kartini
|
0-0: Ball 1-0: Ball 2-0: Foul Ball, location: 2F 2-1: SINGLE (Groundball, 34D, EV 93.8 MPH)
|
Batting: RHB Martin Saunders
|
0-0: Called Strike 0-1: Foul Ball, location: 9LDF 0-2: Ball 1-2: Strikes out swinging
|
Batting: RHB Guo-dong Ruan
|
0-0: Reached on error, E6 (Groundball, 6, EV 73.8 MPH) Atmo Kartini to second
|
Batting: RHB Louie Heritage
|
0-0: Called Strike 0-1: Ball 1-1: Swinging Strike 1-2: Foul Ball, location: 2F 1-2: Foul Ball, location: 9LSF 1-2: Foul Ball, location: 9LMF 1-2: Fly out, F9 (Flyball, 9LMF, EV 101.3 MPH)
|
Batting: SHB Gavrel Jafaev
|
0-0: Swinging Strike 0-1: Ball 1-1: Ball 2-1: Swinging Strike 2-2: SINGLE (Groundball, 4MD, EV 100.0 MPH) Atmo Kartini to third Guo-dong Ruan to second Runner from 3rd tries for Home, SAFE, throw by CF to home
|
Batting: LHB Dhrsita Satyavolu
|
0-0: Called Strike 0-1: SINGLE (Groundball, 4MD, EV 98.1 MPH) Guo-dong Ruan to third Gavrel Jafaev to second Runner from 3rd tries for Home, SAFE, throw by CF to home
|
Batting: RHB Patrick Strong
|
0-0: Fly out, F8 (Flyball, 8RXD, EV 102.5 MPH)
|
Top of the 4th over - 2 runs, 3 hits, 1 error, 2 left on base; Palocabildo 4 - Fukushima 0 |
BOTTOM OF THE 4TH |
Fukushima Tatsu batting - Pitching for Palocabildo Tarpons : RHP Wattas Adedapo
|
Batting: RHB Ifni Kiprotich
|
0-0: Ball 1-0: Ball 2-0: Ball 3-0: Base on Balls
|
Batting: RHB Khatib Rashid
|
0-0: Called Strike 0-1: Called Strike 0-2: Ball 1-2: Ball 2-2: Ball 3-2: SINGLE (Groundball, 4D, EV 103.8 MPH) Ifni Kiprotich to second
|
Batting: RHB Hector Lopez
|
0-0: Ball 1-0: SINGLE (Groundball, 4MD, EV 95.0 MPH) Ifni Kiprotich to third Khatib Rashid to second
|
Batting: LHB Fakhiri bin Jafar
|
0-0: Ground out U3 (Groundball, 3S, EV 67.5 MPH) Ifni Kiprotich scores Khatib Rashid to third Hector Lopez to second
|
Batting: RHB Misbah Khalid
|
0-0: Foul Ball, location: 5SF 0-1: Ball 1-1: Ball 2-1: Ball 3-1: Base on Balls
|
Batting: LHB Milo Cvetkovic
|
0-0: Ball 1-0: Foul Ball, location: 7LMF 1-1: Foul Ball, location: 2F 1-2: Ball 2-2: Foul Ball, location: 2LF 2-2: Grounds into double play, 6-4-3 (Groundball, 6M, EV 88.8 MPH)
|
Bottom of the 4th over - 1 run, 2 hits, 0 errors, 2 left on base; Palocabildo 4 - Fukushima 1 |
TOP OF THE 5TH |
Palocabildo Tarpons batting - Pitching for Fukushima Tatsu : LHP Husain bin Ka'im
|
Batting: LHB Guastão Ono
|
0-0: Ball 1-0: Ball 2-0: Ball 3-0: Base on Balls
|
Pitching: LHP Abdul-Sami bin Awad
|
|
Batting: LHB Gusana Vivatma
|
0-0: Swinging Strike 0-1: Ball 1-1: Ball 2-1: Foul Ball, location: 2F 2-2: Foul Ball, location: 7LMF 2-2: Foul Ball, location: 9LMF 2-2: Foul Ball, location: 3FF 2-2: SINGLE (Groundball, 56D, EV 95.0 MPH) Guastão Ono to second
|
Batting: LHB Atmo Kartini
|
0-0: Called Strike 0-1: Foul Ball, location: 3DF 0-2: Ball 1-2: DOUBLE (Flyball, 78XD, EV 96.3 MPH) Guastão Ono scores Gusana Vivatma to third
|
Batting: RHB Martin Saunders
|
0-0: Ground out 6-3 (Groundball, 6, EV 99.4 MPH)
|
Batting: RHB Guo-dong Ruan
|
0-0: Ball 1-0: Fly out, F7 (Flyball, 7, EV 90.0 MPH) Runner from 3rd tags up, SCORES, throw by LF
|
Batting: RHB Louie Heritage
|
0-0: Called Strike 0-1: Foul Ball, location: 5SF 0-2: Strikes out swinging
|
Top of the 5th over - 2 runs, 2 hits, 0 errors, 1 left on base; Palocabildo 6 - Fukushima 1 |
BOTTOM OF THE 5TH |
Fukushima Tatsu batting - Pitching for Palocabildo Tarpons : RHP Wattas Adedapo
|
Batting: RHB Ugdada Abdeljilil
|
0-0: Ball 1-0: Called Strike 1-1: Called Strike 1-2: Foul Ball, location: 2F 1-2: Ball 2-2: Ball 3-2: Foul Ball, location: 2F 3-2: SINGLE (Line Drive, 8RS, EV 91.9 MPH)
|
Batting: RHB Mansur Hanbal
|
0-0: SINGLE (Groundball, 4D, EV 103.8 MPH) Ugdada Abdeljilil to second Runner from 2nd tries for 3rd, SAFE, throw by CF made to third
|
Batting: SHB Iokua Hagai
|
0-0: Ball 1-0: Ball 2-0: Ball 3-0: Called Strike 3-1: Base on Balls Mansur Hanbal to second
|
Batting: RHB Ifni Kiprotich
|
0-0: Ball 1-0: Ball 2-0: Foul Ball, location: 23FF 2-1: DOUBLE (Flyball, 7LD, EV 100.6 MPH) Ugdada Abdeljilil scores Mansur Hanbal scores Iokua Hagai to third
|
Batting: RHB Khatib Rashid
|
0-0: Ball 1-0: Ball 2-0: Foul Ball, location: 5F 2-1: Ball 3-1: DOUBLE (Line Drive, 9LD, EV 104.4 MPH) Iokua Hagai scores Ifni Kiprotich scores
|
Pitching: RHP Teklu Lahlou
|
|
Batting: RHB Hector Lopez
|
0-0: DOUBLE (Line Drive, 7LM, EV 107.5 MPH) Khatib Rashid scores
|
Batting: LHB Fakhiri bin Jafar
|
0-0: Ground out 4-3 (Groundball, 4, EV 80.0 MPH) Hector Lopez to third
|
Batting: RHB Misbah Khalid
|
0-0: Ground out 6-3 (Groundball, 6, EV 77.5 MPH) Hector Lopez scores
|
Batting: LHB Milo Cvetkovic
|
0-0: Ball 1-0: Ball 2-0: Ball 3-0: Called Strike 3-1: Foul Ball, location: 3FF 3-2: Base on Balls
|
Batting: RHB Ugdada Abdeljilil
|
0-0: Called Strike 0-1: SINGLE (Groundball, 4MD, EV 102.5 MPH) Milo Cvetkovic to second
|
Batting: RHB Mansur Hanbal
|
0-0: SINGLE (Groundball, 56S, EV 69.4 MPH) (infield hit) Milo Cvetkovic to third Ugdada Abdeljilil to second
|
Batting: SHB Iokua Hagai
|
0-0: Swinging Strike 0-1: Swinging Strike 0-2: Strikes out swinging
|
Bottom of the 5th over - 6 runs, 7 hits, 0 errors, 3 left on base; Palocabildo 6 - Fukushima 7 |
TOP OF THE 6TH |
Palocabildo Tarpons batting - Pitching for Fukushima Tatsu : LHP Abdul-Sami bin Awad
|
Batting: SHB Gavrel Jafaev
|
0-0: Called Strike 0-1: Ball 1-1: Swinging Strike 1-2: Ball 2-2: Ball 3-2: Fly out, F7 (Flyball, 78S, EV 90.6 MPH)
|
Pinch Hitting: RHB Costin Camataru
|
0-0: Called Strike 0-1: Ball 1-1: Swinging Strike 1-2: Foul Ball, location: 9LDF 1-2: Strikes out swinging
|
Batting: RHB Patrick Strong
|
0-0: Ball 1-0: Swinging Strike 1-1: Fly out, F5 (Popup, 5SF, EV 75.6 MPH)
|
Top of the 6th over - 0 runs, 0 hits, 0 errors, 0 left on base; Palocabildo 6 - Fukushima 7 |
BOTTOM OF THE 6TH |
Fukushima Tatsu batting - Pitching for Palocabildo Tarpons : RHP Teklu Lahlou
|
Now in LF: Gusana Vivatma
|
|
Now in RF: Costin Camataru
|
|
Batting: RHB Ifni Kiprotich
|
0-0: Ball 1-0: Ball 2-0: Ball 3-0: Called Strike 3-1: Called Strike 3-2: Foul Ball, location: 9LMF 3-2: Strikes out swinging
|
Batting: RHB Khatib Rashid
|
0-0: Called Strike 0-1: Called Strike 0-2: Foul Ball, location: 9LSF 0-2: Strikes out swinging
|
Batting: RHB Hector Lopez
|
0-0: Called Strike 0-1: Ball 1-1: Ground out 4-3 (Groundball, 4, EV 89.4 MPH)
|
Bottom of the 6th over - 0 runs, 0 hits, 0 errors, 0 left on base; Palocabildo 6 - Fukushima 7 |
TOP OF THE 7TH |
Palocabildo Tarpons batting - Pitching for Fukushima Tatsu : LHP Abdul-Sami bin Awad
|
Batting: LHB Guastão Ono
|
0-0: Called Strike 0-1: Ground out 4-3 (Groundball, 4S, EV 68.1 MPH)
|
Batting: LHB Gusana Vivatma
|
0-0: Ball 1-0: Ball 2-0: Foul Ball, location: 2F 2-1: Foul Ball, location: 2F 2-2: Foul Ball, location: 7LSF 2-2: Ground out 1-3 (Groundball, 13S, EV 61.9 MPH)
|
Batting: LHB Atmo Kartini
|
0-0: Fly out, F8 (Flyball, 8LS, EV 96.9 MPH)
|
Top of the 7th over - 0 runs, 0 hits, 0 errors, 0 left on base; Palocabildo 6 - Fukushima 7 |
BOTTOM OF THE 7TH |
Fukushima Tatsu batting - Pitching for Palocabildo Tarpons : RHP Teklu Lahlou
|
Batting: LHB Fakhiri bin Jafar
|
0-0: Ball 1-0: Fly out, F7 (Line Drive, 78M, EV 98.8 MPH)
|
Batting: RHB Misbah Khalid
|
0-0: Ball 1-0: Ball 2-0: SINGLE (Groundball, 56D, EV 102.5 MPH)
|
Batting: LHB Milo Cvetkovic
|
0-0: Foul Ball, location: 9LSFF 0-1: Ball 1-1: Grounds into double play, 4-6-3 (Groundball, 4M, EV 90.0 MPH)
|
Bottom of the 7th over - 0 runs, 1 hit, 0 errors, 0 left on base; Palocabildo 6 - Fukushima 7 |
TOP OF THE 8TH |
Palocabildo Tarpons batting - Pitching for Fukushima Tatsu : LHP Abdul-Sami bin Awad
|
Now at 1B: Brahmakunda Vish
|
|
Batting: RHB Martin Saunders
|
0-0: Ball 1-0: Ball 2-0: Called Strike 2-1: Called Strike 2-2: Ground out 5-3 (Groundball, 25, EV 80.6 MPH)
|
Pinch Hitting: RHB Mekonen Mwenda
|
0-0: Ball 1-0: Ball 2-0: Ground out 4-3 (Groundball, 34, EV 81.9 MPH)
|
Batting: RHB Louie Heritage
|
0-0: Ball 1-0: Swinging Strike 1-1: Fly out, F3 (Popup, 3SF, EV 72.5 MPH)
|
Top of the 8th over - 0 runs, 0 hits, 0 errors, 0 left on base; Palocabildo 6 - Fukushima 7 |
BOTTOM OF THE 8TH |
Fukushima Tatsu batting - Pitching for Palocabildo Tarpons : RHP Teklu Lahlou
|
Now at 3B: Simon Sykora
|
|
Batting: RHB Ugdada Abdeljilil
|
0-0: Called Strike 0-1: Ball 1-1: Called Strike 1-2: Foul Ball, location: 25F 1-2: Foul Ball, location: 7LMF 1-2: Strikes out swinging
|
Batting: RHB Mansur Hanbal
|
0-0: Called Strike 0-1: Foul Ball, location: 23F 0-2: Ball 1-2: TRIPLE (Line Drive, 9D, EV 109.4 MPH)
|
Pitching: LHP Bill Figueroa
|
|
Batting: SHB Iokua Hagai
|
0-0: Fly out, F9 (Flyball, 9D, EV 105.0 MPH) Runner from 3rd tags up, SCORES, throw by RF
|
Batting: RHB Ifni Kiprotich
|
0-0: Called Strike 0-1: Ball 1-1: Called Strike 1-2: Foul Ball, location: 3FF 1-2: Strikes out swinging
|
Bottom of the 8th over - 1 run, 1 hit, 0 errors, 0 left on base; Palocabildo 6 - Fukushima 8 |
TOP OF THE 9TH |
Palocabildo Tarpons batting - Pitching for Fukushima Tatsu : LHP Abdul-Sami bin Awad
|
Pitching: RHP Wiyoto Layar
|
|
Batting: SHB Gavrel Jafaev
|
0-0: SINGLE (Groundball, 6MD, EV 102.5 MPH)
|
Pinch Hitting: LHB Romuald Amoruso
|
0-0: Foul Ball, location: 2RF 0-1: Foul Ball, location: 2F 0-2: Ball 1-2: Ball 2-2: Foul Ball, location: 7LSF 2-2: Hit by Pitch Gavrel Jafaev to second
|
Batting: RHB Patrick Strong
|
0-0: Ball 1-0: Foul Ball, location: 25FF 1-1: Ground out 5-3 (Groundball, 56S, EV 71.9 MPH) Gavrel Jafaev to third Romuald Amoruso to second
|
Batting: LHB Guastão Ono
|
0-0: Ball 1-0: Fly out, F7 (Flyball, 7S, EV 94.4 MPH)
|
Batting: LHB Gusana Vivatma
|
0-0: Ball 1-0: Foul Ball, location: 2F 1-1: Fly out, F2 (Popup, 15S, EV 81.3 MPH)
|
Top of the 9th over - 0 runs, 1 hit, 0 errors, 2 left on base; Palocabildo 6 - Fukushima 8 |
|